 Dungeon Crawl Stone Soup version 0.22.1-2-g9c5b331383 (webtiles) character file.

1351 Peloso the Slasher (level 8, -2/70 HPs)
             Began as a Minotaur Fighter on Nov 27, 2018.
             Was a Believer of Okawaru.
             Slain by Harold
             ... wielding a +0 dire flail
              (11 damage)
             ... on level 7 of the Dungeon.
             The game lasted 00:13:57 (4752 turns).

Peloso the Slasher (Minotaur Fighter)               Turns: 4752, Time: 00:13:57

Health: -2/70      AC: 13    Str: 22    XL:     8   Next: 36%
Magic:  5/7        EV: 17    Int:  5    God:    Okawaru [**....]
Gold:   434        SH: 13    Dex: 16    Spells: 7/7 levels left

rFire    . . .     SeeInvis .   a - +1 long sword
rCold    . . .     Gourm    +   c - +0 shield
rNeg     . . .     Faith    .   r - +0 chain mail
rPois    .         Spirit   .   (helmet restricted)
rElec    .         Reflect  .   (no cloak)
rCorr    .         Harm     .   (no gloves)
MR       .....                  q - +0 pair of boots
Stlth    ++........             n - amulet of the gourmand
HPRegen  0.21/turn              j - ring of wizardry
MPRegen  0.10/turn              u - ring of stealth

@: agile, heroism, marked
A: retaliatory headbutt, horns 2
a: Heroism, Renounce Religion


You were on level 7 of the Dungeon.
You worshipped Okawaru.
Okawaru was pleased with you.
You were not hungry.

You visited 2 branches of the dungeon, and saw 8 of its levels.
You also visited: Sewer.

You collected 434 gold pieces.

Inventory:

Hand Weapons
 a - a +1 long sword (weapon)
Armour
 b - a +0 scale mail
 c - a +0 shield (worn)
 q - a +0 pair of boots (worn)
 r - a +0 chain mail (worn)
Jewellery
 j - a ring of wizardry (left hand)
 n - an amulet of the gourmand (around neck)
 t - an uncursed ring of wizardry
 u - a ring of stealth (right hand)
 x - an uncursed amulet of regeneration {unknown}
 A - an uncursed ring of resist corrosion {unknown}
Wands
 m - a wand of digging (10)
 o - a wand of iceblast (7)
 z - a wand of flame (28)
Scrolls
 d - 4 scrolls of amnesia {unknown}
 e - 7 scrolls of identify
 g - a scroll of fear {unknown}
 h - 3 scrolls of immolation {unknown}
 i - 7 scrolls of remove curse
 w - a scroll of noise {unknown}
 y - 2 scrolls of blinking {unknown}
 C - a scroll of fog
 D - a scroll of vulnerability {unknown}
Potions
 p - a potion of flight {unknown}
 s - 2 potions of cancellation {unknown}
 v - a potion of lignification {unknown}
 B - a potion of berserk rage {unknown}
Comestibles
 f - 10 rations


   Skills:
 + Level 6.2(11.2) Fighting
 + Level 7.8(12.8) Long Blades
 + Level 5.8(10.8) Armour
 + Level 2.5(7.5) Dodging
 + Level 0.1(5.1) Stealth
 + Level 7.0(12.0) Shields
 + Level 0.1 Invocations


You had 7 spell levels left.
You didn't know any spells.
Your spell library contained the following spells:

 Spells                   Type           Power        Failure   Level  Hunger
 Magic Dart               Conj           #...         86%         1    ##.....
 Blink                    Tloc           N/A          93%         2    ###....
 Call Imp                 Summ           #.......     93%         2    ###....
 Slow                     Hex            #.......     93%         2    ###....
 Conjure Flame            Conj/Fire      #.......     99%         3    ####...
 Mephitic Cloud           Conj/Pois/Air  #.......     99%         3    ####...


Dungeon Overview and Level Annotations

Branches:
Dungeon (7/15)             Temple (1/1) D:5

Altars:
Ashenzari
Cheibriados
Dithmenos
Fedhas
Gozag
Hepliaklqana
Kikubaaqudgha
Nemelex Xobeh
Okawaru
Qazlal
Ru
Sif Muna
Uskayaw
Wu Jian
Xom
Yredelemnul
The Shining One

Annotations:
D:7 Harold


Innate Abilities, Weirdness & Mutations

You reflexively headbutt those who attack you in melee.
You have a pair of horns on your head.


Message History

Harold is almost dead.
The spriggan baker hits you with a dagger.
* * * LOW HITPOINT WARNING * * *
You hit Harold.
Harold is almost dead.
The spriggan baker hits you but does no damage.
You block Harold's attack.
Unknown command.
You gain the combat prowess of a mighty hero.
The spriggan baker closely misses you. Harold gestures at you while chanting.
The mark upon you grows brighter.
You completely miss Harold. You headbutt Harold!
Harold is almost dead.
You block the spriggan baker's attack. Harold hits you with a dire flail!
* * * LOW HITPOINT WARNING * * *
Unknown command.
You feel better. You block the spriggan baker's attack.
Harold hits you with a dire flail!
You die...

### ... ......#.. #.#
......... #.# ##.....##
#.# #.......#
###.####.....#
#......##...### #
#####.#.##.#...@)[#.#%#
#...............@i'..%#
#.###.#..#.......######
#...>...)....#
#.....##....[.#
#..#.###.######
#........# ......#####
##.####


You could see Harold and a spriggan baker.

Vanquished Creatures
  Sigmund (D:2)
  A hungry ghost (D:7)
  Edmund (D:6)
  A sky beast (D:7)
  An ogre (D:6)
  A centaur (D:5)
  A crocodile (Sewer)
  Blork the orc (D:5)
  A howler monkey (D:6)
  4 hounds
  A centaur skeleton (D:7)
  An orc priest (D:6)
  A worker ant (Temple)
  A killer bee zombie (D:6)
  A hound zombie (D:5)
  Robin (D:4)
  14 adders
  A howler monkey skeleton (D:5)
  A shadow imp (D:6)
  An adder zombie (D:5)
  2 worms
  A dart slug (D:2)
  6 leopard geckos
  8 orcs
  9 bats
  7 giant cockroaches
  17 goblins
  9 hobgoblins
  8 jackals
  A quokka (D:7)
  3 ball pythons
  5 frilled lizards
  6 kobolds
  A leopard gecko skeleton (D:5)
  7 rats
126 creatures vanquished.

Notes
Turn   | Place    | Note
-------+----------+-------------------------------------------
     0 | D:1      | Peloso the Minotaur Fighter began the quest for the Orb.
     0 | D:1      | Reached XP level 1. HP: 19/19 MP: 0/0
    72 | D:1      | Reached XP level 2. HP: 25/27 MP: 1/1
   524 | D:2      | Reached XP level 3. HP: 26/33 MP: 2/2
   878 | D:2      | Reached XP level 4. HP: 39/41 MP: 3/3
   922 | D:2      | Noticed Sigmund
   926 | D:2      | Killed Sigmund
   926 | D:2      | Reached skill level 1 in Dodging
   926 | D:2      | Reached skill level 5 in Shields
   926 | D:2      | Reached XP level 5. HP: 46/47 MP: 4/4
  1066 | D:2      | Reached XP level 6. HP: 53/53 MP: 5/5
  1520 | D:3      | Found a shadowy altar of Dithmenos.
  1592 | D:3      | Found a glowing drain.
  1614 | Sewer    | Entered a sewer
  1688 | Sewer    | Reached skill level 5 in Long Blades
  1688 | Sewer    | Reached skill level 5 in Armour
  2627 | D:4      | Noticed Robin
  2641 | D:4      | Killed Robin
  3182 | D:5      | Entered Level 5 of the Dungeon
  3191 | D:5      | Found a staircase to the Ecumenical Temple.
  3208 | Temple   | Entered the Ecumenical Temple
  3212 | Temple   | Reached skill level 5 in Fighting
  3231 | Temple   | Became a worshipper of Warmaster Okawaru
  3295 | D:5      | Reached XP level 7. HP: 61/61 MP: 6/6
  3553 | D:5      | Noticed Blork the orc
  3560 | D:5      | Killed Blork the orc
  3646 | D:6      | Reached * piety under Okawaru
  3990 | D:6      | Noticed Edmund
  4004 | D:6      | Killed Edmund
  4014 | D:6      | Reached XP level 8. HP: 20/70 MP: 7/7
  4510 | D:7      | Reached ** piety under Okawaru
  4689 | D:7      | Noticed Harold
  4747 | D:7      | HP: 3/70 [spriggan baker/dagger (7)]
  4751 | D:7      | HP: 1/70 [Harold/dire flail (13)]
  4752 | D:7      | Slain by Harold

Skill      XL: |  1  2  3  4  5  6  7  8 |
---------------+-------------------------+-----
Fighting       | 4 5 6 |  6.2
Shields        | 4 5 6 7 |  7.0
Armour         | 4 5 |  5.8
Long Blades    | 3 4 5 7 |  7.8
Dodging        | 1 2 |  2.5
Stealth        | |  0.1
Invocations    | |  0.1

Action                   |  1- 3 |  4- 6 |  7- 9 || total
-------------------------+-------+-------+-------++-------
Melee: Long sword        |    97 |   148 |   132 ||   377
       Headbutt          |    12 |    26 |    39 ||    77
Invok: Heroism           |       |       |     2 ||     2
  Use: Potion            |       |     2 |     5 ||     7
       Scroll            |       |     7 |     1 ||     8
  Eat: Chunk             |       |     9 |     6 ||    15
Armor: Scale mail        |    58 |    16 |       ||    74
       Chain mail        |       |    60 |    43 ||   103
Dodge: Dodged            |    29 |    44 |    26 ||    99
Block: Shield            |    59 |    89 |    80 ||   228
       Rpst.: Long sword |     9 |    11 |     9 ||    29
